 Dungeon Crawl Stone Soup version 0.29.1-1-gd02db6906a (webtiles) character file.

Game seed: 11852098811196103630

2737 porpoise the Cleaver (level 10, -13/79 HPs)
             Began as a Formicid Abyssal Knight on Oct 16, 2022.
             Was a High Priest of Lugonu.
             Mangled by a two-headed ogre
             ... wielding a +0 giant club
              (22 damage)
             ... on level 6 of the Dungeon on Oct 17, 2022.
             The game lasted 00:25:32 (6950 turns).

porpoise the Cleaver (Formicid Abyssal Knight)      Turns: 6950, Time: 00:25:33

Health: -13/79     AC: 16    Str: 22    XL:     10   Next: 0%
Magic:  13/13      EV:  8    Int: 10    God:    Lugonu [*****.]
Gold:   107        SH:  0    Dex: 14    Spells: 9/9 levels left

rFire   . . .      SeeInvis +   a - +0 war axe
rCold   + + .      Faith    .   (no shield)
rNeg    . . .      Spirit   .   n - +1 chain mail {rC+}
rPois   +          Reflect  .   (helmet unavailable)
rElec   .          Harm     .   v - +2 cloak
rCorr   .          Rampage  .   w - +1 pair of gloves
Will    +....                   o - +0 pair of boots
Stlth   ..........              (no amulet)
HPRegen 0.23/turn               p - ring of protection from cold
MPRegen 0.13/turn               G - ring of poison resistance

@: no status effects
A: permanent stasis, dig shafts and tunnels, antennae 3, four strong arms
a: Dig, Shaft Self, Renounce Religion, Depart the Abyss, Bend Space, Banish,
Corrupt, Enter the Abyss


You were on level 6 of the Dungeon.
You worshipped Lugonu.
Lugonu was extremely pleased with you.
You visited 2 branches of the dungeon, and saw 8 of its levels.
You visited the Abyss 1 time.

You collected 247 gold pieces.
You spent 140 gold pieces at shops.

Inventory:

Hand Weapons
 a - a +0 war axe (weapon)
 b - a +0 sling
 c - a +1 hand axe
 j - a +2 dagger of draining
 A - a +4 morningstar
Missiles
 g - 3 silver boomerangs
 q - 3 poisoned darts (quivered)
 r - 4 datura-tipped darts
 y - 10 boomerangs
 C - a throwing net
Armour
 k - a +0 scale mail of poison resistance
 n - a +1 chain mail of cold resistance (worn)
 o - a +0 pair of boots (worn)
 v - a +2 cloak (worn)
 w - a +1 pair of gloves (worn)
 B - a +3 ring mail
Jewellery
 p - a ring of protection from cold (left hand)
 G - a ring of poison resistance (right hand)
Wands
 x - a wand of polymorph (10)
Scrolls
 e - a scroll of noise {unknown}
 f - a scroll of enchant armour {unknown}
 h - a scroll of amnesia {unknown}
 i - a scroll of brand weapon {unknown}
 m - a scroll of fog
 z - a scroll of magic mapping
 D - 2 scrolls of poison
Potions
 s - 2 potions of mutation


   Skills:
 - Level 7.0 Fighting
 * Level 11.2 Axes
 - Level 2.1 Armour
 - Level 0.8 Dodging
 - Level 5.0 Invocations


You had 9 spell levels left.
You didn't know any spells.
Your spell library was empty.

Dungeon Overview and Level Annotations

Branches:
Dungeon (7/15)             Temple (1/1) D:4

Altars:
Dithmenos
Elyvilon
Fedhas
Gozag
Sif Muna
Trog
Uskayaw
Zin
The Shining One

Shops:
D:3 :?[   D:4 *


Innate Abilities, Weirdness & Mutations

You cannot be hasted, slowed, berserked, paralysed or teleported.
You can dig through walls and to a lower floor.
You have a pair of large antennae on your head. (SInv)
Your four strong arms can wield two-handed weapons with a shield.


Message History

You slash the iguana!
You kill the iguana!
Lugonu accepts your kill.
You have reached level 10!
You start resting.
A two-headed ogre is nearby!
Throw: 6 darts (poison)
Press: ? - help, Q - select action, (/) - cycle Shift-Dir - straight line, f - two-headed ogre
Aim: a two-headed ogre, wielding two +0 giant clubs (wandering, hasn't noticed you, 76% to hit)
You throw a poisoned dart.
The poisoned dart hits the two-headed ogre.
The two-headed ogre shouts in stereo!
Unknown command.
Throw: 5 darts (poison)
Press: ? - help, Q - select action, (/) - cycle Shift-Dir - straight line, f/p - two-headed ogre
Aim: a two-headed ogre, wielding two +0 giant clubs (76% to hit)
You throw a poisoned dart.
The poisoned dart hits the two-headed ogre.
The two-headed ogre is poisoned.
Unknown command.
Throw: 4 darts (poison)
Press: ? - help, Q - select action, (/) - cycle Shift-Dir - straight line, f/p - two-headed ogre
Aim: a two-headed ogre, wielding two +0 giant clubs (lightly wounded, poisoned, 76% to hit)
You throw a poisoned dart.
The poisoned dart hits the two-headed ogre.
The two-headed ogre is lightly wounded.
Unknown command.
You are too injured to fight recklessly!
You slash the two-headed ogre!
The two-headed ogre is moderately wounded.
The two-headed ogre hits you but does no damage.
The two-headed ogre hits you with a +0 giant club!
You slash the two-headed ogre!
The two-headed ogre is moderately wounded.
You slash the two-headed ogre!
The two-headed ogre is heavily wounded.
The two-headed ogre hits you with a +0 giant club!
* * * LOW HITPOINT WARNING * * *
The two-headed ogre hits you with a +0 giant club!!
You die...

###### #....#
#....# #..
#....###..... #
#>...@)$...#
#.#...O##......
#.......#....>.
##...........##
##...)......#
###.......##
...(....##
#..(.(.....#
..........#...


You could see a two-headed ogre (poisoned).

Vanquished Creatures
  Maggie (D:6)
  Sigmund (D:4)
  A spriggan (D:7)
  Edmund (D:4)
  2 water moccasins (D:4)
  Duvessa (D:4)
  An ice beast (D:6)
  2 black bears
  A centaur (D:4)
  An ogre (D:4)
  2 phantoms
  2 bullfrogs
  4 wights (D:7)
  Dowan (D:4)
  A jelly (D:6)
  A gnoll bouda (D:6)
  3 orc priests
  A hound (D:7)
  Crazy Yiuf (D:2)
  2 iguanas (D:6)
  5 orc wizards
  Robin (D:2)
  11 gnolls
  7 adders
  A white imp (D:6)
  A worm (D:2)
  A dart slug (D:3)
  25 orcs
  7 ball pythons
  6 endoplasms
  6 giant cockroaches
  14 goblins
  10 hobgoblins
  4 jackals
  10 kobolds
  3 quokkas
  6 bats
  3 frilled lizards
  7 rats
158 creatures vanquished.

Vanquished Creatures (collateral kills)
  A gnoll (D:2)
  A goblin (D:2)
  2 hobgoblins (D:2)
  A ball python (D:2)
5 creatures vanquished.

Vanquished Creatures (others)
  An orc wizard (D:7)
  An orc (D:4)
  A hobgoblin (D:2)
3 creatures vanquished.

Grand Total: 166 creatures vanquished

Notes
Turn   | Place    | Note
-------+----------+-------------------------------------------
     0 | Abyss:1  | porpoise the Formicid Abyssal Knight began the quest for
                  | the Orb.
     0 | Abyss:1  | Reached XP level 1. HP: 18/18 MP: 2/2
     1 | D:1      | Escaped the Abyss
   246 | D:1      | Reached XP level 2. HP: 24/24 MP: 3/3
   549 | D:1      | Reached XP level 3. HP: 30/30 MP: 4/4
   749 | D:1      | Reached skill level 3 in Axes
   970 | D:2      | Reached *** piety under Lugonu
  1132 | D:2      | Reached XP level 4. HP: 37/37 MP: 5/5
  1404 | D:2      | Noticed Robin
  1431 | D:2      | Killed Robin
  1432 | D:2      | Reached skill level 4 in Axes
  1441 | D:2      | Reached XP level 5. HP: 32/42 MP: 6/6
  1842 | D:2      | Found a runed translucent door.
  1843 | D:2      | Noticed Crazy Yiuf
  1849 | D:2      | Killed Crazy Yiuf
  1980 | D:2      | Found a shadowy altar of Dithmenos.
  2648 | D:3      | Reached XP level 6. HP: 39/49 MP: 7/7
  2772 | D:3      | Found Ocawit's Armour Shop.
  2796 | D:3      | Found Akugisesm's Magic Scroll Shoppe.
  2801 | D:3      | Reached skill level 5 in Axes
  2808 | D:3      | Bought a scroll of magic mapping for 82 gold pieces
  2849 | D:3      | Found Rasoyqoc's Book Boutique.
  2935 | D:3      | Found a white marble altar of Elyvilon.
  2949 | D:3      | Reached **** piety under Lugonu
  3409 | D:4      | Noticed Sigmund
  3439 | D:4      | Reached skill level 5 in Fighting
  3442 | D:4      | Reached XP level 7. HP: 44/56 MP: 7/9
  3452 | D:4      | Killed Sigmund
  3453 | D:4      | Reached skill level 6 in Axes
  4069 | D:4      | Found a bloodstained altar of Trog.
  4124 | D:4      | Reached XP level 8. HP: 61/64 MP: 9/11
  4170 | D:4      | Noticed Duvessa
  4172 | D:4      | Noticed Dowan
  4189 | D:4      | Killed Dowan
  4193 | D:4      | Killed Duvessa
  4194 | D:4      | Reached skill level 7 in Axes
  4326 | D:4      | Found Jiaxke's Serpentskin Sales.
  4558 | D:4      | Bought 3 curare-tipped darts for 18 gold pieces
  4558 | D:4      | Bought a scroll of poison for 40 gold pieces
  4566 | D:4      | Reached skill level 5 in Invocations
  4858 | D:4      | Found a glowing silver altar of Zin.
  4894 | D:4      | Found a staircase to the Ecumenical Temple.
  4894 | D:4      | Noticed Edmund
  4912 | D:4      | Killed Edmund
  4913 | D:4      | Reached skill level 8 in Axes
  5048 | Temple   | Entered the Ecumenical Temple
  5144 | D:4      | Found an opulent altar of Gozag.
  5391 | D:5      | Entered Level 5 of the Dungeon
  5391 | D:5      | Found a shimmering blue altar of Sif Muna.
  5465 | D:5      | Found a hide-covered altar of Uskayaw.
  5470 | D:5      | You fall into a shaft and drop 2 floors!
  5496 | D:7      | HP: 3/60 [wight/+0 spear (7)]
  5510 | D:7      | Reached XP level 9. HP: 20/64 MP: 12/12
  5903 | D:7      | Reached skill level 9 in Axes
  6194 | D:6      | Noticed Maggie
  6194 | D:6      | Noticed a two-headed ogre
  6752 | D:6      | Reached skill level 10 in Axes
  6803 | D:6      | Reached ***** piety under Lugonu
  6876 | D:6      | Killed Maggie
  6886 | D:6      | Reached skill level 11 in Axes
  6937 | D:6      | Reached XP level 10. HP: 33/79 MP: 13/13
  6950 | D:6      | Mangled by a two-headed ogre

Illustrated notes

Levels and vault maps discovered:
D:1:      shiori_arrival_oz, layout_rooms, minmay_misc_feat_alley,
          minmay_misc_feat_plants, minmay_misc_feat_doors,
          amcnicky_mini_rare_corridor_liquid, grunt_decor_junction,
          st_stairs_11, kennysheep_flooded_box,
          hangedman_abyss_or_decor_lesser_grid, minmay_tiny_reverse_x
D:2:      layout_loops_cross, basic_altar, uniq_robin, uniq_crazy_yiuf_cottage
D:3:      layout_basic, mainiacjoe_overflow_six_doors_small, serial_shops,
          shop_fountains, shop, nicolae_diamond_shop
D:4:      layout_basic, pdpol_temple_overflow_zin_treasury_gozag_greed,
          trog_hazing_becter, lemuel_temple_firewalk_b, guppyfry_shop_venom,
          uniq_edmund, uniq_duvessa, uniq_sigmund
D:5:      old_forge, layout_gridville, mainiacjoe_overflow_alcove_1,
          amcnicky_altar_gilded, lightli_temple_of_fire, uniq_eustachio,
          uniq_menkaure, uniq_ijyb
D:6:      layout_rooms, kennysheep_mini, uniq_maggie
D:7:      layout_cave_pools, the_hattery
Temple:   compressed_dpeg_triangle_lava_temple

Skill      XL: |  1  2  3  4  5  6  7  8  9 |
---------------+----------------------------+-----
Axes           | 3 4 5 6 8 11 | 11.2
Fighting       | 4 5 7 |  7.0
Invocations    | 4 5 |  5.0
Armour         | |  2.1
Dodging        | |  0.8

Action                   |  1- 3 |  4- 6 |  7- 9 | 10-12 || total
-------------------------+-------+-------+-------+-------++-------
Melee: Hand axe          |    75 |   154 |   229 |       ||   458
       Punch             |       |     3 |     7 |       ||    10
       Unarmed           |       |       |     7 |       ||     7
       War axe           |       |       |   120 |     3 ||   123
 Fire: Sling             |     4 |     2 |       |       ||     6
Throw: Dart              |       |    11 |    16 |     3 ||    30
       Boomerang         |       |     1 |       |       ||     1
Evoke: Wand              |       |       |     1 |       ||     1
  Use: Potion            |       |     3 |     7 |       ||    10
       Scroll            |       |     3 |     2 |       ||     5
 Stab: Sleeping          |     2 |       |       |       ||     2
Armor: Leather armour    |    24 |    28 |       |       ||    52
       Ring mail         |       |    42 |    19 |       ||    61
       Chain mail        |       |       |   178 |     1 ||   179
       Skin              |       |       |     1 |       ||     1
Dodge: Dodged            |    40 |   109 |   110 |       ||   259
